PA
ATHLETIC CLUB KC U-21 @ MANCELONA TORCH
07/27/2022
 
TOP OF THE 1ST
Athletic Club KC U-21 batting - Pitching for Mancelona Torch : RHP Germán Rodríguez
Pitching: RHP Germán Rodríguez
Batting: RHB Aurelio Álvarez 0-0: Ball
1-0: Called Strike
1-1: Foul Ball, location: 2F
1-2: Ball
2-2: Foul Ball, location: 2F
2-2: Ball
3-2: SINGLE (Groundball, 6D) (infield hit)
Batting: SHB Brent Adams 0-0: Ball
1-0: Ball
2-0: Called Strike
2-1: SINGLE (Line Drive, 6MD)
Aurelio Álvarez to second
Batting: SHB Fernando Luna 0-0: Swinging Strike
0-1: Ball
1-1: Fly out, F7 (Flyball, 7M)
Batting: RHB Geoff Rivers 0-0: Called Strike
Aurelio Álvarez steals 3rd base
Brent Adams to second
0-1: Called Strike
0-2: Ball
1-2: Ball
2-2: Foul Ball, location: 2F
2-2: Ball
3-2: Fly out, F8 (Flyball, 8RM)
Runner from 3rd tags up, SCORES, no throw
Batting: LHB Domingo Gutiérrez 0-0: Called Strike
0-1: Called Strike
0-2: SINGLE (Groundball, 6M)
Brent Adams to third
Runner from 3rd tries for Home, SAFE, no throw or cutoff
Batting: RHB José Flores 0-0: Swinging Strike
0-1: Called Strike
0-2: Ground out 5-3 (Groundball, 5L)
Top of the 1st over - 2 run(s), 3 hit(s), 0 error(s), 1 left on base; Athletic Club KC 2 - Mancelona 0
BOTTOM OF THE 1ST
Mancelona Torch batting - Pitching for Athletic Club KC U-21 : LHP Fernando Durán
Pitching: LHP Fernando Durán
Batting: RHB Henry Lambright 0-0: Ball
1-0: Ball
2-0: Ball
3-0: Base on Balls
Batting: RHB Raúl Ruíz 0-0: Ball
1-0: Fielders Choice at 2nd, 6-4 (Groundball, 6)
Batting: RHB Juan Carlos Cruz 0-0: Called Strike
0-1: Called Strike
0-2: Strikes out looking
Batting: RHB Bert Cook 0-0: Foul Ball, location: 2F
0-1: Ball
1-1: Called Strike
1-2: Ball
2-2: Foul Ball, location: 2F
2-2: Ball
Raúl Ruíz is caught stealing 2nd base
Bottom of the 1st over - 0 run(s), 0 hit(s), 0 error(s), 0 left on base; Athletic Club KC 2 - Mancelona 0
TOP OF THE 2ND
Athletic Club KC U-21 batting - Pitching for Mancelona Torch : RHP Germán Rodríguez
Batting: LHB Naohiro Sakai 0-0: Ball
1-0: Foul Ball, location: 2F
1-1: Swinging Strike
1-2: Foul Ball, location: 2F
1-2: Ground out 4-3 (Groundball, 4M)
Batting: RHB Iván Chacón 0-0: Foul Ball, location: 2F
0-1: Ball
1-1: Ball
2-1: Ball
3-1: Fly out, F7 (Popup, 56D)
Batting: RHB Diego Bonilla 0-0: Called Strike
0-1: Ball
1-1: SINGLE (Line Drive, 4MD)
Batting: RHB Aurelio Álvarez 0-0: Ball
1-0: Ball
2-0: Fly out, F7 (Flyball, 7M)
Top of the 2nd over - 0 run(s), 1 hit(s), 0 error(s), 1 left on base; Athletic Club KC 2 - Mancelona 0
BOTTOM OF THE 2ND
Mancelona Torch batting - Pitching for Athletic Club KC U-21 : LHP Fernando Durán
Batting: RHB Bert Cook 0-0: Called Strike
0-1: Ball
1-1: Swinging Strike
1-2: DOUBLE (Line Drive, 8LM)
Batting: LHB Jim Unknown 0-0: Ball
1-0: Ball
2-0: Ball
3-0: Called Strike
3-1: Ground out 1-3 (Groundball, 15S)
Batting: LHB José Hernández 0-0: SINGLE (Groundball, 56D)
Bert Cook to third
Runner from 3rd tries for Home, SAFE, no throw or cutoff
Batting: RHB Freddy Carea 0-0: Ball
1-0: Ball
2-0: Called Strike
2-1: Ball
3-1: Fly out, F9 (Flyball, 9LM)
Batting: RHB Juan Báez 0-0: Ball
1-0: Called Strike
1-1: Fly out, F6 (Popup, 6MD)
Bottom of the 2nd over - 1 run(s), 2 hit(s), 0 error(s), 1 left on base; Athletic Club KC 2 - Mancelona 1
TOP OF THE 3RD
Athletic Club KC U-21 batting - Pitching for Mancelona Torch : RHP Germán Rodríguez
Batting: SHB Brent Adams 0-0: Swinging Strike
0-1: Foul Ball, location: 2F
0-2: Ball
1-2: SINGLE (Line Drive, 8LS)
Batting: SHB Fernando Luna 0-0: Ball
1-0: Foul Ball, location: 2F
1-1: Foul Ball, location: 2F
1-2: Foul Ball, location: 2F
1-2: Foul Ball, location: 2F
1-2: Foul Ball, location: 2F
1-2: Ball
2-2: Grounds into double play, 4-6-3 (Groundball, 4)
Batting: RHB Geoff Rivers 0-0: Ball
1-0: SINGLE (Line Drive, 78S)
Batting: LHB Domingo Gutiérrez 0-0: Called Strike
0-1: Ball
1-1: Ball
2-1: Ball
3-1: Base on Balls
Geoff Rivers to second
Batting: RHB José Flores 0-0: Foul Ball, location: 2F
0-1: Swinging Strike
0-2: Ground out 6-3 (Groundball, 6)
Top of the 3rd over - 0 run(s), 2 hit(s), 0 error(s), 2 left on base; Athletic Club KC 2 - Mancelona 1
BOTTOM OF THE 3RD
Mancelona Torch batting - Pitching for Athletic Club KC U-21 : LHP Fernando Durán
Batting: RHB Jim Unknown 0-0: Ball
1-0: Ball
2-0: Swinging Strike
2-1: SINGLE (Groundball, 15S) (infield hit)
Batting: RHB Henry Lambright 0-0: Ball
1-0: Ball
2-0: Foul Ball, location: 2F
2-1: Ball
3-1: Base on Balls
Jim Unknown to second
Batting: RHB Raúl Ruíz 0-0: Fielders Choice at 2nd, 5-4 (Groundball, 5)
Jim Unknown to third
Batting: RHB Juan Carlos Cruz 0-0: Ball
1-0: Foul Ball, location: 2F
1-1: Ball
2-1: Foul Ball, location: 2F
2-2: Foul Ball, location: 2F
2-2: Foul Ball, location: 2F
2-2: Fly out, F8 (Flyball, 8LM)
Runner from 3rd tags up, SCORES, throw made
Batting: RHB Bert Cook 0-0: Called Strike
Raúl Ruíz is caught stealing 2nd base
Bottom of the 3rd over - 1 run(s), 1 hit(s), 0 error(s), 0 left on base; Athletic Club KC 2 - Mancelona 2
TOP OF THE 4TH
Athletic Club KC U-21 batting - Pitching for Mancelona Torch : RHP Germán Rodríguez
Batting: LHB Naohiro Sakai 0-0: Ball
1-0: Called Strike
1-1: Foul Ball, location: 2F
1-2: Foul Ball, location: 2F
1-2: Fly out, F8 (Flyball, 89D)
Batting: RHB Iván Chacón 0-0: Ball
1-0: Fly out, F8 (Line Drive, 8LD)
Batting: RHB Diego Bonilla 0-0: Swinging Strike
0-1: Ball
1-1: Called Strike
1-2: Strikes out looking
Top of the 4th over - 0 run(s), 0 hit(s), 0 error(s), 0 left on base; Athletic Club KC 2 - Mancelona 2
BOTTOM OF THE 4TH
Mancelona Torch batting - Pitching for Athletic Club KC U-21 : LHP Fernando Durán
Batting: RHB Bert Cook 0-0: Swinging Strike
0-1: Called Strike
0-2: Strikes out looking
Batting: LHB Jim Unknown 0-0: Ball
1-0: Foul Ball, location: 2F
1-1: Called Strike
1-2: Ball
2-2: Strikes out looking
Batting: LHB José Hernández 0-0: Swinging Strike
0-1: Called Strike
0-2: Foul Ball, location: 2F
0-2: Ball
1-2: Ball
2-2: Ball
3-2: Base on Balls
Batting: RHB Freddy Carea 0-0: Ball
1-0: Called Strike
1-1: Foul Ball, location: 2F
1-2: Ball
2-2: Ball
José Hernández is caught stealing 2nd base
Bottom of the 4th over - 0 run(s), 0 hit(s), 0 error(s), 0 left on base; Athletic Club KC 2 - Mancelona 2
TOP OF THE 5TH
Athletic Club KC U-21 batting - Pitching for Mancelona Torch : RHP Germán Rodríguez
Batting: RHB Aurelio Álvarez 0-0: Called Strike
0-1: Foul Ball, location: 2F
0-2: Ball
1-2: Foul Ball, location: 2F
1-2: Ball
2-2: Ball
3-2: Strikes out swinging
Batting: SHB Brent Adams 0-0: Ball
1-0: Foul Ball, location: 2F
1-1: Swinging Strike
1-2: Ground out 5-3 (Groundball, 56S)
Batting: SHB Fernando Luna 0-0: Ball
1-0: SINGLE (Groundball, 3L)
Batting: RHB Geoff Rivers 0-0: Called Strike
0-1: Foul Ball, location: 2F
0-2: Strikes out looking
Top of the 5th over - 0 run(s), 1 hit(s), 0 error(s), 1 left on base; Athletic Club KC 2 - Mancelona 2
BOTTOM OF THE 5TH
Mancelona Torch batting - Pitching for Athletic Club KC U-21 : LHP Fernando Durán
Batting: RHB Freddy Carea 0-0: Ball
1-0: Called Strike
1-1: Ball
2-1: Foul Ball, location: 2F
2-2: Strikes out swinging
Batting: RHB Juan Báez 0-0: DOUBLE (Line Drive, 8LD)
Batting: RHB Jim Unknown 0-0: Called Strike
0-1: Called Strike
0-2: Ball
1-2: Strikes out looking
Batting: RHB Henry Lambright 0-0: Foul Ball, location: 2F
0-1: Ground out U3 (Groundball, 3)
Bottom of the 5th over - 0 run(s), 1 hit(s), 0 error(s), 1 left on base; Athletic Club KC 2 - Mancelona 2
TOP OF THE 6TH
Athletic Club KC U-21 batting - Pitching for Mancelona Torch : RHP Germán Rodríguez
Batting: LHB Domingo Gutiérrez 0-0: Called Strike
0-1: Foul Ball, location: 2F
0-2: Strikes out swinging
Batting: RHB José Flores 0-0: Ball
1-0: Ball
2-0: Called Strike
2-1: Fly out, F9 (Flyball, 9LM)
Batting: LHB Naohiro Sakai 0-0: Ball
1-0: Ball
2-0: SINGLE (Line Drive, 8LS)
Batting: RHB Iván Chacón 0-0: Called Strike
0-1: Ball
1-1: Swinging Strike
1-2: Strikes out swinging
Top of the 6th over - 0 run(s), 1 hit(s), 0 error(s), 1 left on base; Athletic Club KC 2 - Mancelona 2
BOTTOM OF THE 6TH
Mancelona Torch batting - Pitching for Athletic Club KC U-21 : LHP Fernando Durán
Batting: RHB Raúl Ruíz 0-0: Called Strike
0-1: Ball
1-1: Called Strike
1-2: Reached on error, E5 (Groundball, 5)
Batting: RHB Juan Carlos Cruz 0-0: Called Strike
0-1: Called Strike
0-2: Foul Ball, location: 2F
0-2: Fly out, F8 (Popup, 4MD)
Batting: RHB Bert Cook 0-0: Foul Ball, location: 2F
0-1: Foul Ball, location: 2F
0-2: Ball
1-2: Foul Ball, location: 2F
1-2: Ground out 5-3 (Groundball, 56)
Raúl Ruíz to second
Batting: LHB Jim Unknown 0-0: Ball
1-0: Called Strike
1-1: Ball
2-1: Foul Ball, location: 2F
2-2: SINGLE (Line Drive, 4D)
Raúl Ruíz to third
Runner from 3rd tries for Home, SAFE, no throw or cutoff
Batting: LHB José Hernández 0-0: Foul Ball, location: 2F
0-1: Ball
1-1: Called Strike
Jim Unknown steals 2nd base
1-2: Strikes out swinging
Bottom of the 6th over - 1 run(s), 1 hit(s), 1 error(s), 1 left on base; Athletic Club KC 2 - Mancelona 3
TOP OF THE 7TH
Athletic Club KC U-21 batting - Pitching for Mancelona Torch : RHP Germán Rodríguez
Batting: RHB Diego Bonilla 0-0: Called Strike
0-1: Ball
1-1: Ball
2-1: Ball
3-1: Base on Balls
Pitching: RHP Jim Unknown
Pinch Hitting: LHB Michael Landry 0-0: Bunted foul
0-1: Ball
1-1: Ball
2-1: Sac Bunt - play at first, batter OUT! 1-4
Diego Bonilla to second
Batting: SHB Brent Adams 0-0: Called Strike
0-1: Ball
1-1: DOUBLE (Line Drive, 78M)
Diego Bonilla scores
Batting: SHB Fernando Luna 0-0: Intentional Walk
Pinch Hitting: RHB Maurice Quinn 0-0: Ball
1-0: Ball
2-0: Ball
3-0: Called Strike
3-1: Base on Balls
Brent Adams to third
Fernando Luna to second
Batting: LHB Domingo Gutiérrez 0-0: Ball
1-0: Ball
2-0: Fly out, F7 (Flyball, 7M)
Runner from 3rd tags up, SCORES, throw made
Batting: RHB José Flores 0-0: Ball
1-0: Foul Ball, location: 2F
1-1: Swinging Strike
1-2: Ball
2-2: Foul Ball, location: 2F
2-2: Foul Ball, location: 2F
2-2: Foul Ball, location: 2F
2-2: Fly out, F4 (Line Drive, 4D)
Top of the 7th over - 2 run(s), 1 hit(s), 0 error(s), 2 left on base; Athletic Club KC 4 - Mancelona 3
BOTTOM OF THE 7TH
Mancelona Torch batting - Pitching for Athletic Club KC U-21 : LHP Fernando Durán
Now in LF: Eric Moore
Now in RF: Michael Landry
Batting: RHB Freddy Carea 0-0: Ball
1-0: DOUBLE (Line Drive, 78M)
Batting: RHB Juan Báez 0-0: Called Strike
0-1: Foul Ball, location: 2F
0-2: Ball
1-2: Foul Ball, location: 2F
1-2: Ball
2-2: Fly out, F7 (Flyball, 7S)
Pitching: LHP Alonso Muñíz
Batting: RHB Jim Unknown 0-0: Foul Ball, location: 2F
0-1: Ball
1-1: 2-RUN HOME RUN (Flyball, 78XD), Distance : 419 ft
Batting: RHB Henry Lambright 0-0: Ball
1-0: Ground out 5-3 (Groundball, 56S)
Batting: RHB Raúl Ruíz 0-0: Called Strike
0-1: Ground out 5-3 (Groundball, 5L)
Bottom of the 7th over - 2 run(s), 2 hit(s), 0 error(s), 0 left on base; Athletic Club KC 4 - Mancelona 5
TOP OF THE 8TH
Athletic Club KC U-21 batting - Pitching for Mancelona Torch : RHP Jim Unknown
Pitching: RHP Jim Unknown
Batting: LHB Naohiro Sakai 0-0: Ball
1-0: Fly out, F9 (Flyball, 89M)
Batting: RHB Iván Chacón 0-0: Ball
1-0: Ball
2-0: Ball
3-0: Called Strike
3-1: Foul Ball, location: 2F
3-2: Fly out, F5 (Line Drive, 56)
Batting: RHB Diego Bonilla 0-0: Ball
1-0: Ball
2-0: Ball
3-0: Called Strike
3-1: Foul Ball, location: 2F
3-2: Foul Ball, location: 2F
3-2: Foul Ball, location: 2F
3-2: Strikes out swinging
Top of the 8th over - 0 run(s), 0 hit(s), 0 error(s), 0 left on base; Athletic Club KC 4 - Mancelona 5
BOTTOM OF THE 8TH
Mancelona Torch batting - Pitching for Athletic Club KC U-21 : LHP Alonso Muñíz
Batting: RHB Juan Carlos Cruz 0-0: Ball
1-0: Swinging Strike
1-1: Ball
2-1: Ball
3-1: SINGLE (Line Drive, 6D)
Pinch Hitting: RHB Jim Unknown 0-0: Called Strike
0-1: Called Strike
0-2: Strikes out swinging
Batting: LHB Jim Unknown 0-0: Ball
1-0: Ball
2-0: 2-RUN HOME RUN (Flyball, 9D), Distance : 392 ft
Pitching: RHP Carlos Acosta
Batting: LHB José Hernández 0-0: Ball
1-0: SINGLE (Groundball, 56D)
Batting: RHB Freddy Carea 0-0: Ball
1-0: Called Strike
José Hernández is caught stealing 2nd base
1-1: Foul Ball, location: 2F
1-2: Strikes out looking
Bottom of the 8th over - 2 run(s), 3 hit(s), 0 error(s), 0 left on base; Athletic Club KC 4 - Mancelona 7
TOP OF THE 9TH
Athletic Club KC U-21 batting - Pitching for Mancelona Torch : RHP Jim Unknown
Pitching: RHP Jim Unknown
Now at SS: Jorge Saldaña
Batting: LHB Michael Landry 0-0: Foul Ball, location: 2F
0-1: Ball
1-1: Foul Ball, location: 2F
1-2: Strikes out swinging
Batting: SHB Brent Adams 0-0: Foul Ball, location: 2F
0-1: Ball
1-1: Ball
2-1: Ball
3-1: Ground out 6-3 (Groundball, 6M)
Batting: SHB Fernando Luna 0-0: Called Strike
0-1: Swinging Strike
0-2: Foul Ball, location: 2F
0-2: Foul Ball, location: 2F
0-2: Ball
1-2: Strikes out swinging
Top of the 9th over - 0 run(s), 0 hit(s), 0 error(s), 0 left on base; Athletic Club KC 4 - Mancelona 7
This league is powered by Out of the Park Baseball, the baseball management simulation game for PC, Mac and Linux
Friday, April 15th, 2016 - OOTP Baseball 16.9 Build 39